 Dungeon Crawl Stone Soup version 0.28.0-45-g0d030f2227 (console) character file.

Game seed: 8313576038540674661

201 erker the Changer (level 5, -3/33 HPs)
             Began as an Octopode Transmuter on May 15, 2022.
             Slain by an ogre
             ... wielding a +0 giant club
              (19 damage)
             ... on level 4 of the Dungeon.
             The game lasted 00:16:27 (3848 turns).

erker the Changer (Octopode Transmuter)             Turns: 3848, Time: 00:16:28

Health: -3/33      AC:  2    Str:  9    XL:     5   Next: 79%
Magic:  0/9        EV: 19    Int: 18    God:
Gold:   132        SH:  0    Dex: 17    Spells: 6/10 levels left

rFire   . . .      SeeInvis .     - Unarmed
rCold   . . .      Faith    .   (shield currently unavailable)
rNeg    . . .      Spirit   .   (helmet currently unavailable)
rPois   x          Reflect  .   (no amulet)
rElec   .          Harm     .   (no ring)
rCorr   .          Rampage  .   (no ring)
Will    .....                   (no ring)
Stlth   ++........              (no ring)
HPRegen 0.11/turn               (no ring)
MPRegen 0.11/turn               (no ring)
                                (no ring)
                                (no ring)

@: spider-form
A: venomous fangs, almost no armour, (amphibious), 8 rings, tiny, (camouflage
1), (gelatinous body 1), (nimble swimmer 1), (tentacles)
a: End Transformation


You were on level 4 of the Dungeon.
You were a venomous arachnid creature.
You visited 1 branch of the dungeon, and saw 5 of its levels.

You collected 132 gold pieces.

Inventory:

Hand Weapons
 m - a +0 trident
Missiles
 a - 81 stones
 o - 5 poisoned darts (quivered)
Armour
 p - an orb of mayhem (melded)
Scrolls
 b - a scroll of fog {unknown}
 c - a scroll of summoning {unknown}
 d - a scroll of identify {unknown}
 e - 2 scrolls of immolation {unknown}
 f - 3 scrolls of enchant weapon {unknown}
 g - a scroll of noise {unknown}
 j - 2 scrolls of holy word {unknown}
 l - 2 scrolls of fear {unknown}
 n - a scroll of blinking {unknown}
 q - a scroll of teleportation {unknown}
 r - a scroll of magic mapping {unknown}
Potions
 h - a potion of magic {unknown}
 i - 3 potions of curing {unknown}
 k - 2 potions of flight {unknown}
 s - a potion of lignification {unknown}
 t - a potion of resistance {unknown}


   Skills:
 - Level 1.0 Fighting
 - Level 2.1 Dodging
 - Level 1.2 Stealth
 + Level 3.7 Unarmed Combat
 + Level 3.0 Spellcasting
 - Level 4.0 Transmutations
 - Level 2.0 Poison Magic


You had 6 spell levels left.
You knew the following spells:

 Your Spells              Type           Power      Damage    Failure   Level
a - Beastly Appendage     Tmut           34%        N/A       11%         1
s - Spider Form           Tmut/Pois      13%        N/A       32%         3

Your spell library contained the following spells:

 Spells                   Type           Power      Damage    Failure   Level
 Wereblood                Tmut           17%        N/A       14%         2
 Gell's Gravitas          Tloc           2%         N/A       65%         3
 Lesser Beckoning         Tloc           2%         N/A       65%         3
 Teleport Other           Tloc           2%         N/A       65%         3
 Ice Form                 Ice/Tmut       9%         N/A       77%         4
 Dispersal                Tloc           1%         N/A       100%        6


Dungeon Overview and Level Annotations

Branches:
Dungeon (5/15)
 Temple: D:4-7

Altars:
Sif Muna

Annotations:
D:2 1 runed translucent door, Crazy Yiuf


Innate Abilities, Weirdness & Mutations

You are a venomous arachnid creature.
You have poisonous fangs.
You are tiny and dextrous.
Your spellcasting is less reliable in this form.
Your armour is entirely melded.
You are incapable of wielding weapons or throwing items.
You cannot wear most types of armour.
((You are amphibious.))
You can wear up to eight rings at the same time.
((Your skin changes colour to match your surroundings (Stealth+).))
((Your rubbery body absorbs attacks. (AC +1, EV +1)))
((You are camouflaged when in or above water. (Stealth+)))
((You have tentacles for arms and can constrict up to eight enemies at once.))


Message History

You throw a stone. The ogre shouts!
The stone hits the ogre but does no damage.
Throw: 6 darts (poison)
Press: ? - help, Q - select action, (/) - cycle Shift-Dir - straight line, f/p - ogre
Aim: an ogre, wielding a +0 giant club (72% to hit)
You throw a poisoned dart. The poisoned dart hits the ogre.
Casting: Spider Form (quite dangerous; 14% risk of failure)
Confirm with . or Enter, or press ? or * to list all spells.
The spell is quite dangerous to miscast (14% risk of failure)!
Continue anyway?
You miscast Spider Form.
You are very lightly contaminated with residual magic.
Nothing appears to happen.
Casting: Spider Form (quite dangerous; 14% risk of failure)
Confirm with . or Enter, or press ? or * to list all spells.
The spell is quite dangerous to miscast (14% risk of failure)!
Continue anyway?
You miscast Spider Form.
Nothing appears to happen.
Casting: Spider Form (quite dangerous; 14% risk of failure)
Confirm with . or Enter, or press ? or * to list all spells.
The spell is quite dangerous to miscast (14% risk of failure)!
Continue anyway?
You miscast Spider Form.
Nothing appears to happen.
The ogre closely misses you.
Your magical contamination has completely faded away.
Casting: Spider Form (quite dangerous; 14% risk of failure)
Confirm with . or Enter, or press ? or * to list all spells.
The spell is quite dangerous to miscast (14% risk of failure)!
Continue anyway?
You turn into a venomous arachnid creature.
Your orb of mayhem melds into your body.
You hit the ogre.
The ogre is poisoned.
The ogre is lightly wounded.
The ogre hits you with a +0 giant club!
Ouch! That really hurt!
You hit the ogre.
The ogre is moderately wounded.
The ogre misses you.
You hit the ogre.
The ogre looks as sick as possible!
The ogre is heavily wounded.
The ogre hits you with a +0 giant club!!
Ouch! That really hurt!
You die...

# #.# #.# #.. # #.# #.# #..
# #.########## #.# #.. #
#..........# #.###.. #
##########.# #...... # #.#
####.#. # #.# ##### #.#.
##############.####...#
#.#.
................sO....#
######)#.
##.#######.##.#####...#
#........ ##.# ####.##.#
##.## #.####.## ##.#
#....##.# ##.## #.# ##.##
##.# #.#####.#
#...###.###.#.# ##.#
#.#####.#####.#........###.
....
..............#..##.###.#..
.... #..............#.....#
##.#.
#...........#######..# #.#.


You could see an ogre (extremely poisoned).

Vanquished Creatures
  A centaur zombie (D:4)
  3 hounds
  2 adders (D:2)
  2 worms (D:2)
  2 dart slugs
  An orc (D:3)
  6 ball pythons
  3 endoplasms
  7 hobgoblins
  3 quokkas
  5 bats
  2 frilled lizards
  9 goblins
  3 kobolds
  4 rats
53 creatures vanquished.

Notes
Turn   | Place    | Note
-------+----------+-------------------------------------------
     0 | D:1      | erker the Octopode Transmuter began the quest for the Orb.
     0 | D:1      | Reached XP level 1. HP: 13/13 MP: 3/3
   542 | D:1      | Reached XP level 2. HP: 16/18 MP: 3/5
   603 | D:1      | Reached skill level 1 in Stealth
   661 | D:1      | You fall into a shaft and drop 1 floor!
   890 | D:2      | Reached XP level 3. HP: 23/23 MP: 4/6
   894 | D:2      | Learned a level 3 spell: Spider Form
  1144 | D:1      | Reached skill level 1 in Poison Magic
  1864 | D:2      | Found a runed translucent door.
  1865 | D:2      | Noticed Crazy Yiuf
  2157 | D:3      | Reached XP level 4. HP: 28/28 MP: 7/7
  2191 | D:3      | Found a shimmering blue altar of Sif Muna.
  2477 | D:3      | Reached skill level 3 in Transmutations
  2665 | D:3      | Found a faded altar of an unknown god.
  3044 | D:4      | Noticed an ogre
  3110 | D:4      | Reached XP level 5. HP: 26/33 MP: 6/9
  3329 | D:4      | Noticed a black bear
  3398 | D:4      | Reached skill level 4 in Transmutations
  3593 | D:5      | Entered Level 5 of the Dungeon
  3602 | D:5      | Noticed a wraith
  3604 | D:5      | Noticed a necrophage
  3848 | D:4      | Slain by an ogre

Illustrated notes

Levels and vault maps discovered:
D:1:      matt_arrival_spirals, layout_loops_ring
D:2:      layout_basic, uniq_crazy_yiuf_cottage
D:3:      layout_loops_ring, mainiacjoe_overflow_cross_hatched,
          hellmonk_ecumenical_altar_leap_of_faith
D:4:      layout_loops_ring, patterned_corridor
D:5:      layout_gridville, uniq_sigmund

Skill      XL: |  1  2  3  4  5 |
---------------+----------------+-----
Stealth        | 1 |  1.2
Poison Magic   | 2 |  2.0
Transmutations | 3 4 |  4.0
Spellcasting   | 3 |  3.0
Fighting       | |  1.0
Dodging        | |  2.1
Unarmed Combat | |  3.7

Action                   |  1- 3 |  4- 6 || total
-------------------------+-------+-------++-------
Melee: Unarmed           |    68 |    62 ||   130
       Kick              |    16 |     3 ||    19
       Constrict         |    11 |     7 ||    18
       Tentacles         |     6 |     4 ||    10
       Punch             |     2 |     2 ||     4
Throw: Stone             |     1 |     1 ||     2
       Dart              |       |     1 ||     1
 Cast: Beastly Appendage |    17 |     3 ||    20
       Spider Form       |     1 |     6 ||     7
 Stab: Sleeping          |    10 |     7 ||    17
Armor: Skin              |     2 |     7 ||     9
Dodge: Dodged            |    18 |    45 ||    63
